 Dungeon Crawl Stone Soup version 0.31-a0-112-gdf0485fa37 (webtiles) character file.

Game seed: 17159341482772605831

3170 avis the Trooper (level 9, -30/63 HPs)
             Began as an Octopode Transmuter on May 29, 2023.
             Was an Initiate of Gozag.
             Annihilated by an orc knight
             ... wielding a +0 glaive
              (44 damage)
             ... in a bailey.
             The game lasted 01:06:13 (9018 turns).

avis the Trooper (Octopode Transmuter)              Turns: 9018, Time: 01:06:15

Health: -30/63     AC:  2    Str:  9    XL:     9   Next: 94%
Magic:  12/15      EV: 23    Int: 15    God:    Gozag
Gold:   249        SH:  0    Dex: 22    Spells: 6/16 levels left

rFire   . . .        b - melded +0 orcbow
rCold   . . .        (shield currently unavailable)
rNeg    . . .        (helmet currently unavailable)
rPois   x            (no amulet)
rElec   .            B - ring of resist corrosion
rCorr   +            (no ring)
SInv    .            (no ring)
Will    .....        (no ring)
Stlth   +++          (no ring)
HPRegen 0.30/turn    (no ring)
MPRegen 0.14/turn    (no ring)
                     (no ring)

%: no passive effects
@: spider-form, hasted, very quick
A: venomous fangs, almost no armour, (amphibious), 8 rings, tiny, (camouflage
1), (gelatinous body 1), (nimble swimmer 1), (tentacles)
a: End Transformation, Renounce Religion, Potion Petition, Call Merchant, Bribe
Branch


You were in a bailey.
You worshipped Gozag.
Gozag was aware of your devotion.
You were a venomous arachnid creature.
You visited 2 branches of the dungeon, and saw 8 of its levels.
You also visited: Bailey.

You collected 512 gold pieces.
You spent 180 gold pieces at shops.
You paid 83 gold pieces to Gozag.

Inventory:

Hand Weapons
 a - the +7 scimitar of Darkness {speed, rElec}
   (You found it on level 6 of the Dungeon)

   rElec:     It insulates you from electricity.
 b - a +0 orcbow (melded)
Missiles
 k - a boomerang
 r - 4 javelins
Jewellery
 B - a ring of resist corrosion (left front pincers)
Wands
 x - a wand of polymorph (12)
 z - a wand of iceblast (11)
Scrolls
 d - a scroll of poison {unknown}
 i - 2 scrolls of summoning {unknown}
 j - 3 scrolls of teleportation
 q - a scroll of blinking {unknown}
 t - 2 scrolls of enchant weapon
 u - a scroll of fear
 v - a scroll of fog
 w - a scroll of magic mapping {unknown}
Potions
 c - 3 potions of curing
 e - 2 potions of cancellation
 f - 3 potions of invisibility
 g - 4 potions of magic
 h - 2 potions of lignification
 l - 2 potions of mutation
 m - 3 potions of enlightenment
 n - a potion of heal wounds
 s - a potion of experience {unknown}
 C - 2 potions of might


   Skills:
 * Level 6.7 Fighting
 - Level 5.0 Dodging
 - Level 5.0 Stealth
 * Level 6.7 Unarmed Combat
 - Level 4.0 Spellcasting
 - Level 6.0 Transmutations
 - Level 4.0 Ice Magic
 - Level 2.0 Poison Magic


You had 6 spell levels left.
You knew the following spells:

 Your Spells              Type           Power      Damage    Failure   Level
a - Beastly Appendage     Tmut           42%        N/A       7%          1
e - Wereblood             Tmut           21%        N/A       9%          2
p - Spider Form           Tmut/Pois      15%        N/A       26%         3
q - Ice Form              Ice/Tmut       18%        N/A       43%         4

Your spell library contained the following spells:

 Spells                   Type           Power      Damage    Failure   Level
 Ensorcelled Hibernation  Hex/Ice        18%        N/A       28%         2
 Summon Small Mammal      Summ           12%        N/A       38%         1
 Call Canine Familiar     Summ           3%         N/A       69%         3
 Portal Projectile        Hex/Tloc       6%         N/A       69%         3
 Summon Guardian Golem    Hex/Summ       3%         N/A       69%         3
 Anguish                  Hex/Necr       1%         N/A       96%         4
 Leda's Liquefaction      Hex/Erth       1%         N/A       96%         4


Dungeon Overview and Level Annotations

Branches:
Dungeon (7/15)             Temple (1/1) D:5          Bailey (1/1)

Altars:
Cheibriados
Elyvilon
Fedhas
Gozag
Kikubaaqudgha
Nemelex Xobeh
Trog
Uskayaw
Vehumet
Xom

Shops:
D:4 ?   D:7 :


Innate Abilities, Weirdness & Mutations

You are a venomous arachnid creature.
You have venomous fangs.
You are tiny and dextrous.
Your spellcasting is less reliable in this form.
Your armour is entirely melded.
You are incapable of wielding weapons or throwing items.
You cannot wear most types of armour.
((You are amphibious.))
You can wear up to eight rings at the same time.
((Your skin changes colour to match your surroundings (Stealth+).))
((Your rubbery body absorbs attacks. (AC +1, EV +1)))
((You are camouflaged when in or above water. (Stealth+)))
((You have tentacles for arms and can constrict up to eight enemies at once.))


Message History

There is an open gate here.
Throw: dart (poison)
Press: ? - help, Q - select action, (/) - cycle Shift-Dir - straight line, f/p - orc knight
Aim: an orc knight, wielding a +0 glaive and wearing a +0 plate armour (lightly wounded, poisoned, 63% to hit)
You throw a poisoned dart. The poisoned dart hits the orc knight.
The orc knight looks even sicker.
The orc knight is lightly wounded.
An orc knight comes into view. It is wielding a +0 glaive.
Casting: Spider Form (dangerous; 11% risk of failure)
Confirm with . or Enter, or press ? or * to list all spells.
You turn into a venomous arachnid creature.
Your +0 orcbow melds into your body.
The orc knight shouts!
You completely miss the orc knight.
The orc knight is lightly wounded.
The orc knight completely misses you.
You hit the orc knight.
The orc knight looks as sick as possible!
The orc knight is moderately wounded.
You hit the orc knight but do no damage.
The orc knight looks as sick as possible!
The orc knight is moderately wounded.
The orc knight closely misses you.
You hit the orc knight but do no damage.
The orc knight looks as sick as possible!
The orc knight is moderately wounded.
The orc knight roars a battlecry!
The orcs go into a battle-frenzy!
You hit the orc knight.
The orc knight looks as sick as possible!
The orc knight is moderately wounded.
You hit the orc knight but do no damage.
The orc knight looks as sick as possible!
The orc knight is moderately wounded.
The orc knight roars a battlecry!
The orc knight goes into a battle-frenzy!
The orc knight hits you with a +0 glaive!!!
Ouch! That really hurt!
You die...
Your body crumbles into a pile of gold.

##### ####### #
.....#########.....## ##
......#.....#...)...######.
...#..'.....'...##..#))(.#.
......'o..so'....8.)(..(((.
...#..'o....'...##.(#....#.
......#.....#...(...######.
.....#########.)...## ##
##### ####### #


You could see 2 orc knights and an orc (strong).

Vanquished Creatures
  Prince Ribbit (D:6)
  Grinder (D:6)
  Sigmund (D:3)
  A water moccasin (D:6)
  6 orc warriors (Bailey)
  2 black bears
  A sky beast (D:6)
  3 ogres
  3 centaurs (D:5)
  2 scorpions (D:5)
  5 wights (D:4)
  A howler monkey (D:6)
  2 orc priests (D:3)
  4 jellies (D:6)
  Crazy Yiuf (D:6)
  3 hounds
  6 iguanas (D:5)
  Jessica (D:3)
  2 sleepcaps (D:5)
  An orc wizard (D:6)
  A mummy (D:3)
  10 adders
  2 worms
  3 dart slugs
  22 orcs
  9 endoplasms
  A giant cockroach (D:1)
  12 goblins
  6 hobgoblins
  4 jackals (D:3)
  5 quokkas (D:1)
  10 ball pythons
  5 bats
  2 frilled lizards
  5 kobolds
  2 rats
146 creatures vanquished.

Notes
Turn   | Place    | Note
-------+----------+-------------------------------------------
     0 | D:1      | avis the Octopode Transmuter began the quest for the Orb.
     0 | D:1      | Reached XP level 1. HP: 13/13 MP: 3/3
   163 | D:1      | Reached XP level 2. HP: 19/19 MP: 3/5
   273 | D:1      | Reached skill level 1 in Stealth
   902 | D:1      | Learned a level 2 spell: Wereblood
   959 | D:2      | Reached XP level 3. HP: 18/24 MP: 6/6
  1056 | D:2      | Learned a level 3 spell: Spider Form
  1231 | D:2      | Reached skill level 1 in Poison Magic
  1565 | D:2      | Reached XP level 4. HP: 29/29 MP: 5/7
  2065 | D:3      | Noticed Jessica
  2068 | D:3      | Killed Jessica
  2191 | D:3      | Found a sparkling altar of Nemelex Xobeh.
  2399 | D:3      | Found a snail-covered altar of Cheibriados.
  2408 | D:3      | Reached XP level 5. HP: 21/34 MP: 6/8
  2461 | D:3      | Noticed Sigmund
  2485 | D:3      | Killed Sigmund
  2486 | D:3      | Reached XP level 6. HP: 18/42 MP: 6/10
  2491 | D:3      | Learned a level 4 spell: Ice Form
  2642 | D:3      | Found a radiant altar of Vehumet.
  3365 | D:4      | Found Loerek's Magic Scroll Emporium.
  3385 | D:4      | Bought a scroll of noise for 12 gold pieces
  3385 | D:4      | Bought a scroll of identify for 24 gold pieces
  3385 | D:4      | Bought a scroll of fear for 48 gold pieces
  3385 | D:4      | Bought a scroll of fog for 48 gold pieces
  3410 | D:4      | Noticed a black bear
  3421 | D:4      | Killed a black bear
  3422 | D:4      | Reached skill level 5 in Transmutations
  3422 | D:4      | Reached XP level 7. HP: 14/46 MP: 8/11
  4562 | D:4      | Reached XP level 8. HP: 38/54 MP: 6/12
  4668 | D:4      | Bought a scroll of immolation for 48 gold pieces
  4680 | D:5      | Entered Level 5 of the Dungeon
  4983 | D:5      | Reached skill level 5 in Fighting
  4983 | D:5      | Reached skill level 5 in Unarmed Combat
  5190 | D:5      | Found a staircase to the Ecumenical Temple.
  5199 | Temple   | Entered the Ecumenical Temple
  5807 | D:5      | Reached XP level 9. HP: 60/61 MP: 9/13
  5874 | D:5      | Reached skill level 5 in Stealth
  6259 | D:5      | Reached skill level 5 in Dodging
  6658 | D:6      | Noticed Grinder
  6670 | D:6      | Killed Grinder
  7040 | D:6      | Noticed Prince Ribbit
  7093 | D:6      | Killed Prince Ribbit
  7133 | D:6      | Identified the +7 scimitar of Darkness {speed, rElec}
  7667 | D:6      | Identified the +6 hammer of Dithmenos's Whim {drain, Str+6}
  7742 | D:6      | Found a runed translucent door.
  7743 | D:6      | Noticed Crazy Yiuf
  7756 | D:6      | Killed Crazy Yiuf
  8006 | Temple   | Became a worshipper of Gozag Ym Sagoz the Greedy
  8395 | D:7      | Found Melozoynt's Book Shoppe.
  8398 | D:7      | Found a flagged portal.
  8417 | Bailey   | Entered a bailey
  8789 | Bailey   | Noticed an orc knight
  8959 | Bailey   | Noticed an orc knight
  8963 | Bailey   | HP: 1/63 [orc knight/+0 glaive (28)]
  9010 | Bailey   | Noticed an orc knight
  9018 | Bailey   | Annihilated by an orc knight

Illustrated notes

Levels and vault maps discovered:
D:1:      heliophobic_arrival_enchanted_forest, layout_rooms, serial_forest,
          infiniplex_forest_clump_tiny, infiniplex_forest_lined_room_2,
          infiniplex_forest_lined_3, infiniplex_forest_straight_5,
          infiniplex_forest_end_1, infiniplex_forest_corner_1,
          infiniplex_forest_lined_3, infiniplex_forest_end_double,
          minmay_octomino_e4
D:2:      layout_basic, serial_aquarium, aquarium_bridge_square
          [aquarium_subvault_balcony, aquarium_subvault_bridge,
          aquarium_subvault_bridge, aquarium_subvault_balcony],
          aquarium_window_corner, aquarium_window_1, aquarium_view_2e,
          aquarium_view_2e, aquarium_pool_2
D:3:      layout_basic, nemelex_dance_club_becter, chei_slow_surprise,
          mainiacjoe_overflow_brackets, nrook_campfire, hex_tiny, uniq_jessica,
          uniq_sigmund
D:4:      layout_loops_ring, serial_shops, shop
D:5:      minmay_chambers_of_threes, layout_basic,
          minmay_temple_entry_statues_pillars
D:6:      layout_basic, uniq_grinder, uniq_prince_ribbit1,
          uniq_crazy_yiuf_cottage
D:7:      layout_basic, general_overflow_altar, enter_bailey_3, serial_shops,
          shop, grunt_ministairs_9, minmay_shop_grid_forest, uniq_duvessa
Temple:   nicolae_temple_ecumenical_triangle
Bailey:   bailey_polearm_5, bailey

Skill      XL: |  1  2  3  4  5  6  7  8  9 |
---------------+----------------------------+-----
Fighting       | 2 3 4 5 6 |  6.7
Stealth        | 2 4 5 |  5.0
Transmutations | 3 4 5 6 |  6.0
Poison Magic   | 1 2 |  2.0
Spellcasting   | 3 4 |  4.0
Ice Magic      | 2 4 |  4.0
Unarmed Combat | 4 5 6 |  6.7
Dodging        | 4 5 |  5.0

Action                     |  1- 3 |  4- 6 |  7- 9 || total
---------------------------+-------+-------+-------++-------
  Melee: Unarmed           |   194 |    33 |   282 ||   509
         Kick              |    86 |     6 |     6 ||    98
         Constrict         |    15 |     8 |     6 ||    29
         Tentacles         |    60 |     9 |     7 ||    76
         Punch             |     8 |       |     1 ||     9
         Dagger            |    22 |    36 |    14 ||    72
         Scimitar          |       |       |     9 ||     9
   Fire: Orcbow            |       |       |    30 ||    30
  Throw: Dart              |       |       |     9 ||     9
   Cast: Beastly Appendage |    37 |    12 |    10 ||    59
         Spider Form       |       |    10 |    42 ||    52
         Ice Form          |       |       |     4 ||     4
Ability: End Transformatio |       |     1 |       ||     1
    Use: Potion            |       |     2 |     2 ||     4
         Scroll            |       |     7 |     5 ||    12
   Stab: Sleeping          |    11 |     5 |     9 ||    25
         Distracted        |       |       |     1 ||     1
 Armour: Skin              |     3 |     9 |    18 ||    30
  Dodge: Dodged            |    28 |    44 |   258 ||   330

Table legend: (Time is in decaauts)
 A = Elapsed time spent in this place.
 B = Non-inter-level travel time spent in this place.
 C = Inter-level travel time spent in this place.
 D = Time resting spent in this place.
 E = Time spent auto-exploring this place.
 F = Levels seen in this place.
 G = Mean time per level.
                   A        B        C        D        E       F      G
               +--------+--------+--------+--------+--------+-----+--------+
         Total |   8981 |   8078 |    903 |   1987 |   3422 |   9 |  997.9 |
       Dungeon |   8291 |   7398 |    893 |   1731 |   3389 |   7 | 1184.4 |
        Temple |     98 |     89 |      9 |      0 |     33 |   1 |   98.0 |
        Bailey |    591 |    591 |      0 |    256 |      0 |   1 |  591.0 |
               +--------+--------+--------+--------+--------+-----+--------+

Top non-repeatable levels by time:
     D:6: 1700 daAuts
     D:5: 1676 daAuts
     D:3: 1505 daAuts
     D:4: 1350 daAuts
     D:2: 1021 daAuts
     D:1: 970 daAuts
  Bailey: 591 daAuts
  Temple: 98 daAuts
     D:7: 66 daAuts
